AoeStats
← ABU-Abir

Arabian Desert

509856470Analyzed
1v1 RM · 3d ago on Sep 28, 2026· 32m 54s· 2 players
Game mode
Random Map
Map size
Tiny (2 player)
Population
200
Speed
Normal
Resources
Standard
Victory
Conquest
Starting age
Dark Age
Ending age
Imperial Age
RankedLock teamsTeams togetherTeam positionsShared explorationLock speedFull tech treeHidden civsTurbo modeCheats
Victory
Defeat
🇩🇪 Celts · Germany
2183
+8
🇯🇵 Gurjaras · Japan
1998
-8
chanchanvn
3:01 Loom
9:21 Feudal Age
10:05 Double-Bit Axe
13:24 Fletching
17:58 Padded Archer Armor
22:04 Castle Age
20:40 Scale Barding Armor
20:19 Horse Collar
21:16 Bloodlines
22:06 Crossbowman
22:44 Bodkin Arrow
29:21 Bow Saw
33:12 Chain Barding Armor
ABU-Abir
8:05 Loom
10:22 Feudal Age
10:33 Man-at-Arms
10:58 Double-Bit Axe
15:10 Padded Archer Armor
15:11 Fletching
17:02 Horse Collar
20:35 Castle Age
18:57 Gold Mining
20:37 Elite Skirmisher
21:13 Bodkin Arrow
21:28 Bow Saw
22:16 Leather Archer Armor
22:07 Crossbowman
27:14 Wheelbarrow
26:38 Crossbowman
28:00 Gold Shaft Mining
32:13 Hand Cart
32:22 Stone Mining
32:34 Heavy Plow
Connection lost

Rejoining the realm…

Still unreachable

The connection could not be restored.

Session expired

The server has moved on; the page needs a fresh start.